 Dungeon Crawl Stone Soup version 0.29.1-13-g9f3cf754e1 (webtiles) character file.

Game seed: 10310240983056458025

1 sircluck the Caller (level 1, -2/10 HPs)
             Began as a Tengu Summoner on Jan 24, 2023.
             Slain by a frilled lizard (3 damage)
             ... on level 1 of the Dungeon.
             The game lasted 00:00:52 (95 turns).

sircluck the Caller (Tengu Summoner)                  Turns: 95, Time: 00:00:53

Health: -2/10      AC:  2    Str:  8    XL:     1   Next: 20%
Magic:  4/4        EV: 12    Int: 15    God:
Gold:   0          SH:  0    Dex: 14    Spells: 3/4 levels left

rFire   . . .      SeeInvis .   (no weapon)
rCold   . . .      Faith    .   (no shield)
rNeg    . . .      Spirit   .   a - +0 robe
rPois   .          Reflect  .   (helmet restricted)
rElec   .          Harm     .   (no cloak)
rCorr   .          Rampage  .   (no gloves)
Will    .....                   (boots unavailable)
Stlth   ++........              (no amulet)
HPRegen 0.03/turn               (no ring)
MPRegen 0.09/turn               (no ring)

@: no status effects
A: beak, talons 3
a: no special abilities


You were on level 1 of the Dungeon.
You visited 1 branch of the dungeon, and saw 1 of its levels.

Inventory:

Armour
 a - a +0 robe (worn)
Potions
 b - a potion of magic


   Skills:
 + Level 2.1 Dodging
 + Level 2.0 Stealth
 + Level 2.0 Spellcasting
 + Level 4.9 Summonings


You had 3 spell levels left.
You knew the following spells:

 Your Spells              Type           Power      Damage    Failure   Level
a - Summon Small Mammal   Summ           64%        N/A       3%          1

Your spell library contained the following spells:

 Spells                   Type           Power      Damage    Failure   Level
 Call Imp                 Summ           16%        N/A       4%          2
 Call Canine Familiar     Summ           16%        N/A       9%          3
 Summon Guardian Golem    Hex/Summ       8%         N/A       24%         3
 Summon Lightning Spire   Summ/Air       8%         N/A       63%         4


Dungeon Overview and Level Annotations

Branches:
Dungeon (1/15)

Altars:


Innate Abilities, Weirdness & Mutations

You have a beak for a mouth.
You have claws for feet.


Message History

The giant cockroach is severely wounded.
The frilled lizard hisses angrily.
The giant cockroach bites you.
You hit the giant cockroach but do no damage.
The giant cockroach is severely wounded.
The giant cockroach bites you. The frilled lizard barely misses you.
The giant cockroach closely misses you. The frilled lizard barely misses you.
The frilled lizard attacks as you move away!
The frilled lizard misses you. The giant cockroach misses you.
You hit the giant cockroach but do no damage.
The giant cockroach is severely wounded.
The frilled lizard misses you.
The giant cockroach bites you but does no damage.
You hit the giant cockroach but do no damage.
You peck the giant cockroach, but do no damage.
The giant cockroach is severely wounded.
The frilled lizard bites you. The giant cockroach barely misses you.
You hit the giant cockroach.
You peck the giant cockroach, but do no damage.
The giant cockroach is almost dead.
The frilled lizard bites you.
* * * LOW HITPOINT WARNING * * *
The giant cockroach barely misses you.
Your magic is already full.
The giant cockroach attacks as you move away!
The giant cockroach closely misses you.
You hit the giant cockroach.
You kill the giant cockroach!
The frilled lizard barely misses you. The frilled lizard bites you.
* * * LOW HITPOINT WARNING * * *
The frilled lizard attacks as you move away!
The frilled lizard closely misses you.
The frilled lizard attacks as you move away!
The frilled lizard closely misses you.
The frilled lizard attacks as you move away!
The frilled lizard bites you.
You die...

♣♣♣♣♣♣♣♣♣ ♣.......♣
#.###.#♣..PPPP.♣
..#.#.#♣..~~~P.♣
##..#.#♣..~8~P.♣
#......♣.P~~~...
##.....♣.P...P.♣
########......♣......<♣
#....l@.......♣♣♣♣♣♣♣♣♣
#......................
#..............########
#.............##
#.............#
####+###........
#.##...... #.##.......
..##.......


You could see a frilled lizard.

Vanquished Creatures
  A giant cockroach (D:1)
1 creature vanquished.

Vanquished Creatures (others)
  7 plants (D:1)
7 creatures vanquished.

Grand Total: 8 creatures vanquished

Notes
Turn   | Place    | Note
-------+----------+-------------------------------------------
     0 | D:1      | sircluck the Tengu Summoner began the quest for the Orb.
     0 | D:1      | Reached XP level 1. HP: 10/10 MP: 4/4
    95 | D:1      | Slain by a frilled lizard

Illustrated notes

Levels and vault maps discovered:
D:1:      tarquinn_simple_flora_water_a, layout_basic, serial_shops,
          nicolae_shop_statue_plus, nicolae_shop_bloodbath_and_beyond,
          nicolae_shop_behind_doors, shapermc_ecumenical_altar_notcrosses,
          serial_park_tiny_2, serial_bayou_lagoon_a

Action                   || total
-------------------------++-------
Melee: Unarmed           ||    21
       Peck              ||    11
       Kick              ||     9
Armor: Robe              ||     1
Dodge: Dodged            ||    13
